Barracuda vs Rocket
(R1)
Created - November 9, 2022 at 21:36
Goals
|
Barracuda |
0 |
2 |
2 |
0 |
0 |
4 |
Rocket |
1 |
2 |
1 |
0 |
1 |
5 |
|
Shots
|
Barracuda |
5 |
8 |
13 |
1 |
3 |
27 |
Rocket |
17 |
19 |
4 |
3 |
2 |
43 |
|
1st period
1. Rocket , Brandon Pirri 3 (Viktor Loov 3) at 5:54
Penalties :
Adam Fox (Lav) for Holding (Minor) at 12:31, Jakub Vrana (Lav) for Boarding (Minor) at 19:33
2nd period
2. Rocket , Adrian Kempe 6 (Viktor Loov 4, Danton Heinen 3) at 3:20
3. Barracuda , Justin Shugg 2 (Cole Ully 2, Robin Norell 1) at 5:19
4. Rocket , Ty Rattie 1 (Jiri Sekac 1, Viktor Loov 5) at 10:04
5. Barracuda , Kyle Platzer 1 (Logan Stanley 2, Alex Henriksson 1) at 19:15
Penalties :
Viktor Loov (Lav) for Goalie Interference (Minor) at 7:49, Samuel Groulx (S.J) for Slashing (Minor) at 10:10
3rd period
6. Barracuda , Cole Ully 1 (Theodor Blueger 1, Emil Pettersson 4) at 0:37
7. Barracuda , Brandon Kozun 4 (William Carrier 7) at 1:03 (PP)
8. Rocket , Scott Wilson 2 (Brandon Pirri 5, Adrian Kempe 4) at 5:28
Penalties :
Adam Fox (Lav) for Slashing (Minor) at 0:56, Adrian Kempe (Lav) for Hooking (Minor) at 2:08, Justin Shugg (S.J) for Hooking (Minor) at 9:47
Overtime #1
No Goal
Penalties :
No Penalty
Shootout
Barracuda, Brandon Kozun - Stopped by Igor Shesterkin
Rocket, Adrian Kempe - Shot Misses the Net
Barracuda, William Carrier - Stopped by Igor Shesterkin
Rocket, Danton Heinen - Goal!
Barracuda, Emil Pettersson - Shot Misses the Net
Penalties :
No Penalty
Goalie Stats
Joacim Eriksson (S.J), 39 saves from 43 shots - (0.907), OTL, 0-0-2, 65:00 minutes
Igor Shesterkin (Lav), 23 saves from 27 shots - (0.852), W, 4-0-0, 65:00 minutes
Players Stats for Barracuda
Player Name G A P +/- PIM S H SB GA TA FO MP PP MP PK MP
------------------------------------------------------------------------------------
Alex Henriksson 0 1 1 1 0 2 0 1 0 0 0/0 14:12 0:22 1:22
Brandon Kozun 1 0 1 -1 0 2 1 0 1 0 3/7 18:39 4:05 0:00
Chris Wagner 0 0 0 1 0 0 2 0 1 0 0/0 13:14 0:25 0:00
Cole Ully 1 1 2 1 0 1 3 1 0 1 1/1 19:12 3:33 1:02
Drew O'Connor 0 0 0 -2 0 0 1 0 0 0 0/0 8:34 0:00 0:00
Emil Pettersson 0 1 1 -1 0 4 0 0 0 1 18/34 23:28 4:08 2:20
Eric Gustafsson 0 0 0 0 0 3 3 2 0 0 0/0 28:15 4:45 2:26
Jerome Gauthier-Leduc 0 0 0 0 0 0 0 4 0 0 0/0 14:26 0:00 0:39
Jordan Gross 0 0 0 0 0 0 1 2 0 0 0/0 14:15 0:00 0:00
Justin Shugg 1 0 1 1 2 2 1 1 2 0 0/0 16:24 3:33 0:00
Kyle Platzer 1 0 1 1 0 2 0 0 1 0 1/5 12:58 0:22 0:36
Logan Stanley 0 1 1 -1 0 3 3 0 0 0 0/0 23:26 3:18 2:28
Mario Lucia 0 0 0 -2 0 1 0 0 0 0 0/0 8:34 0:00 0:00
Noah Gregor 0 0 0 -2 0 0 0 0 0 0 2/3 8:34 0:00 0:00
Robin Norell 0 1 1 -1 0 0 0 1 0 0 0/0 22:30 3:18 1:32
Samuel Groulx 0 0 0 0 2 2 2 2 1 0 0/0 27:13 4:45 0:51
Theodor Blueger 0 1 1 1 0 2 1 0 0 0 1/11 18:39 3:33 0:24
William Carrier 0 1 1 -1 0 3 1 0 2 2 0/0 23:27 4:08 2:12
Players Stats for Rocket
Player Name G A P +/- PIM S H SB GA TA FO MP PP MP PK MP
------------------------------------------------------------------------------------
Adam Fox 0 0 0 -2 4 0 1 1 0 0 0/0 24:19 1:49 2:09
Adrian Kempe 1 1 2 0 2 8 1 1 0 0 8/13 25:51 2:14 3:35
Andrei Mironov 0 0 0 -2 0 0 0 4 0 1 0/0 24:54 2:02 2:52
Andrey Pedan 0 0 0 1 0 0 2 1 0 0 0/0 6:18 0:00 1:22
Brandon Pirri 1 1 2 1 0 2 1 0 0 0 1/1 19:07 1:42 2:42
Corey Trivino 0 0 0 -1 0 2 2 1 1 0 10/23 18:08 2:14 2:42
Danton Heinen 0 1 1 0 0 5 6 1 1 1 2/2 26:22 2:14 5:01
Dominic Turgeon 0 0 0 0 0 1 0 2 0 2 3/3 12:25 0:02 0:00
Dylan DeMelo 0 0 0 0 0 7 1 0 0 0 0/0 22:48 1:56 1:07
Jack Glover 0 0 0 2 0 2 0 0 0 1 0/0 21:55 0:05 4:17
Jakub Vrana 0 0 0 1 2 0 0 0 0 0 2/4 12:06 0:00 2:03
Jiri Sekac 0 1 1 0 0 3 0 0 1 1 0/0 12:33 0:02 0:03
Karson Kuhlman 0 0 0 0 0 2 1 0 0 1 1/2 7:15 0:00 0:00
Kole Sherwood 0 0 0 0 0 1 2 0 0 1 0/0 7:15 0:00 0:00
Peter Holland 0 0 0 1 0 0 4 0 0 0 7/11 14:00 1:42 0:00
Scott Wilson 1 0 1 1 0 1 3 0 1 0 1/2 14:14 1:42 0:00
Ty Rattie 1 0 1 0 0 4 2 0 0 0 0/0 10:56 0:02 0:00
Viktor Loov 0 3 3 3 2 5 2 0 0 0 0/0 31:26 2:04 4:19
3 Stars
1 - Viktor Loov (Lav)
2 - Cole Ully (S.J)
3 - Brandon Pirri (Lav)
Power Play
Barracuda - 1 on 5 Attempt(s) - 20.00%
Rocket - 0 on 2 Attempt(s) - 0.00%
Penalty Kill
Barracuda - 2 on 2 Attempt(s) - 100.00%
- Score 0 goal in Penalty Kill
Rocket - 4 on 5 Attempt(s) - 80.00%
- Score 0 goal in Penalty Kill
Team Stat
Barracuda - Hits : 19 - Faceoff Wins : 26 - Blocked Shots : 14 - Penalty Minutes : 4
Rocket - Hits : 28 - Faceoff Wins : 35 - Blocked Shots : 11 - Penalty Minutes : 10
Official
Referees : Ghislain Hebert and Ian Walsh
Linesman : Andrew Smith and Michel Cormier
Game Notes
Andrey Pedan is injured at 14:21 of 1st period (Sprained Right Ankle)
Finance
Level 1 -- Attendance: 1932 (96.60%) -- Ticket Income $67,620
Level 2 -- Attendance: 909 (90.90%) -- Ticket Income $13,635
Total Attendance: 2841 (94.70%)
Total Ticket Income: $81,255
Other Income: $4,063
Total Income: $85,318
Barracuda
5 vs 5 Forward
Center Left Wing Right Wing Time % Phy DF OF
1 Emil Pettersson William Carrier Brandon Kozun 40 1 2 2
2 Theodor Blueger Cole Ully Justin Shugg 30 1 2 2
3 Kyle Platzer Alex Henriksson Chris Wagner 20 1 2 2
4 Noah Gregor Drew O'Connor Mario Lucia 10 1 2 2
5 vs 5 Defense
Defense Defense Time % Phy DF OF
1 Eric Gustafsson Samuel Groulx 40 1 2 2
2 Robin Norell Logan Stanley 30 1 2 2
3 Jerome Gauthier-Leduc Jordan Gross 20 1 2 2
4 Eric Gustafsson Samuel Groulx 10 1 2 2
PowerPlay Forward
Center Left Wing Right Wing Time % Phy DF OF
1 Emil Pettersson William Carrier Brandon Kozun 60 1 2 2
2 Theodor Blueger Cole Ully Justin Shugg 40 1 2 2
PowerPlay Defense
Defense Defense Time % Phy DF OF
1 Eric Gustafsson Samuel Groulx 60 1 2 2
2 Robin Norell Logan Stanley 40 1 2 2
Penalty Kill 4 Players Forward
Center Wing Time % Phy DF OF
1 Emil Pettersson William Carrier 60 1 2 2
2 Theodor Blueger Cole Ully 40 1 2 2
Penalty Kill 4 Players Defense
Defense Defense Time % Phy DF OF
1 Eric Gustafsson Samuel Groulx 60 1 2 2
2 Robin Norell Logan Stanley 40 1 2 2
Penalty Kill - 3 Players Forward
Forward Time % Phy DF OF
1 Emil Pettersson 60 1 2 2
2 Theodor Blueger 40 1 2 2
Penalty Kill - 3 Players Defense
Defense Defense Time % Phy DF OF
1 Eric Gustafsson Samuel Groulx 60 1 2 2
2 Robin Norell Logan Stanley 40 1 2 2
4 vs 4 Forward
Center Wing Time % Phy DF OF
1 Emil Pettersson William Carrier 60 1 2 2
2 Theodor Blueger Cole Ully 40 1 2 2
4 vs 4 Defense
Defense Defense Time % Phy DF OF
1 Eric Gustafsson Samuel Groulx 60 1 2 2
2 Robin Norell Logan Stanley 40 1 2 2
Last Minutes Offensive
Center Left Wing Right Wing Defense Defense
Emil Pettersson William Carrier Brandon Kozun Eric Gustafsson Samuel Groulx
Last Minutes Defensive
Center Left Wing Right Wing Defense Defense
Emil Pettersson William Carrier Brandon Kozun Eric Gustafsson Samuel Groulx
Goaltenders
Starting : Joacim Eriksson
Backup : Oscar Dansk
Extra Forwards
Normal : Cole Ully, Theodor Blueger, Chris Wagner - PP : Cole Ully, Theodor Blueger - PK : Cole Ully
Extra Defensemen
Normal : Logan Stanley, Jerome Gauthier-Leduc, Jordan Gross - PP : Logan Stanley - PK : Logan Stanley, Jerome Gauthier-Leduc
Penalty Shots
Brandon Kozun, William Carrier, Emil Pettersson, Justin Shugg, Cole Ully
Scratches
Alex Lintuniemi (Healthy), Aleksi Heponiemi (Healthy), Ben Jones (Healthy), Jacob Peterson (Healthy), Scott Reedy (Healthy)
Jaedon Descheneau (Healthy), Gustav Lindstrom (Healthy), Thomas Gobeil (Healthy), Dennis Cholowski (Healthy), Alexei Toropchenko (Healthy)
Kevin Lankinen (Healthy)
Rocket
5 vs 5 Forward
Center Left Wing Right Wing Time % Phy DF OF
1 Corey Trivino Adrian Kempe Danton Heinen 40 1 2 2
2 Peter Holland Brandon Pirri Scott Wilson 30 1 2 2
3 Dominic Turgeon Jiri Sekac Ty Rattie 20 1 2 2
4 Karson Kuhlman Jakub Vrana Kole Sherwood 10 1 2 2
5 vs 5 Defense
Defense Defense Time % Phy DF OF
1 Viktor Loov Andrey Pedan 40 1 2 2
2 Adam Fox Andrei Mironov 30 1 2 2
3 Dylan DeMelo Jack Glover 20 1 2 2
4 Viktor Loov Andrey Pedan 10 1 2 2
PowerPlay Forward
Center Left Wing Right Wing Time % Phy DF OF
1 Corey Trivino Adrian Kempe Danton Heinen 60 1 2 2
2 Peter Holland Brandon Pirri Scott Wilson 40 1 2 2
PowerPlay Defense
Defense Defense Time % Phy DF OF
1 Viktor Loov Andrey Pedan 60 1 2 2
2 Adam Fox Andrei Mironov 40 1 2 2
Penalty Kill 4 Players Forward
Center Wing Time % Phy DF OF
1 Adrian Kempe Danton Heinen 60 1 2 2
2 Corey Trivino Brandon Pirri 40 1 2 2
Penalty Kill 4 Players Defense
Defense Defense Time % Phy DF OF
1 Viktor Loov Andrey Pedan 60 1 2 2
2 Adam Fox Andrei Mironov 40 1 2 2
Penalty Kill - 3 Players Forward
Forward Time % Phy DF OF
1 Adrian Kempe 60 1 2 2
2 Danton Heinen 40 1 2 2
Penalty Kill - 3 Players Defense
Defense Defense Time % Phy DF OF
1 Viktor Loov Andrey Pedan 60 1 2 2
2 Adam Fox Andrei Mironov 40 1 2 2
4 vs 4 Forward
Center Wing Time % Phy DF OF
1 Adrian Kempe Danton Heinen 60 1 2 2
2 Corey Trivino Brandon Pirri 40 1 2 2
4 vs 4 Defense
Defense Defense Time % Phy DF OF
1 Viktor Loov Andrey Pedan 60 1 2 2
2 Adam Fox Andrei Mironov 40 1 2 2
Last Minutes Offensive
Center Left Wing Right Wing Defense Defense
Corey Trivino Adrian Kempe Danton Heinen Viktor Loov Andrey Pedan
Last Minutes Defensive
Center Left Wing Right Wing Defense Defense
Corey Trivino Adrian Kempe Danton Heinen Viktor Loov Andrey Pedan
Goaltenders
Starting : Igor Shesterkin
Backup : Eamon McAdam
Extra Forwards
Normal : Jiri Sekac, Dominic Turgeon, Jakub Vrana - PP : Jiri Sekac, Dominic Turgeon - PK : Jakub Vrana
Extra Defensemen
Normal : Dylan DeMelo, Jack Glover, Adam Fox - PP : Dylan DeMelo - PK : Jack Glover, Adam Fox
Penalty Shots
Adrian Kempe, Danton Heinen, Corey Trivino, Brandon Pirri, Peter Holland
Scratches
Branden Troock (Healthy), Dalton Smith (Healthy), Daniel Sprong (Healthy), Dean Kukan (Healthy), Reese Johnson (Healthy)
Guillaume Brisebois (Healthy), Mason Appleton (Healthy), Ryan Collins (Healthy), Sergey Tolchinsky (Healthy), Tyler Lewington (Healthy)
MacKenzie Entwistle (Healthy), Luke Kunin (Healthy), Mikhail Maltsev (Healthy)
% Time on Ice - Barracuda
Lines # - Real PCT - Wanted PCT - Time Play
Normal Forward
1 - 32% - 40% - 15:29
2 - 26% - 30% - 12:29
3 - 24% - 20% - 11:27
4 - 18% - 10% - 8:34
Normal Defense
1 - 37% - 40% - 17:49
2 - 32% - 30% - 15:29
3 - 29% - 20% - 13:47
4 - 2% - 10% - 0:54
PP Forward
1 - 56% - 60% - 4:30
2 - 44% - 40% - 3:33
PP Defense
1 - 59% - 60% - 4:45
2 - 41% - 40% - 3:18
PK Forward
1 - 90% - 60% - 3:34
2 - 10% - 40% - 0:24
PK Defense
1 - 61% - 60% - 2:26
2 - 39% - 40% - 1:32
PK3 Forward
1 - 0% - 60%
2 - 0% - 40%
PK3 Defense
1 - 0% - 60%
2 - 0% - 40%
44 Forward
1 - 83% - 60% - 4:10
2 - 17% - 40% - 0:50
44 Defense
1 - 56% - 60% - 2:49
2 - 44% - 40% - 2:11
Last Minute Offensive - 0:00
Last Minute Defensive - 0:00
Total
Forward - 65:00
Defense - 65:00
|
% Time on Ice - Rocket
Lines # - Real PCT - Wanted PCT - Time Play
Normal Forward
1 - 37% - 40% - 17:33
2 - 26% - 30% - 12:18
3 - 23% - 20% - 10:53
4 - 15% - 10% - 7:15
Normal Defense
1 - 45% - 40% - 21:23
2 - 28% - 30% - 13:40
3 - 19% - 20% - 9:12
4 - 8% - 10% - 3:44
PP Forward
1 - 57% - 60% - 2:16
2 - 43% - 40% - 1:42
PP Defense
1 - 54% - 60% - 2:09
2 - 46% - 40% - 1:49
PK Forward
1 - 76% - 60% - 6:07
2 - 24% - 40% - 1:56
PK Defense
1 - 78% - 60% - 6:18
2 - 22% - 40% - 1:45
PK3 Forward
1 - 0% - 60%
2 - 0% - 40%
PK3 Defense
1 - 0% - 60%
2 - 0% - 40%
44 Forward
1 - 75% - 60% - 3:45
2 - 25% - 40% - 1:15
44 Defense
1 - 69% - 60% - 3:26
2 - 31% - 40% - 1:34
Last Minute Offensive - 0:00
Last Minute Defensive - 0:00
Total
Forward - 65:00
Defense - 65:00
|
Play-by-Play
1st period
0:01 of 1st period - Emil Pettersson wins face-off versus Corey Trivino in neutral zone.
0:17 of 1st period - Slapshot by Adrian Kempe.
0:17 of 1st period - Stopped by Joacim Eriksson with a rebound.
0:40 of 1st period - Snap shot by Brandon Kozun.
0:40 of 1st period - Shot Misses the Net.
1:07 of 1st period - Theodor Blueger is hit by Adam Fox and loses puck.
1:40 of 1st period - Noah Gregor is hit by Danton Heinen and loses puck.
1:56 of 1st period - Icing by Jerome Gauthier-Leduc.
1:57 of 1st period - Dominic Turgeon wins face-off versus Kyle Platzer in Barracuda zone.
1:58 of 1st period - Snap shot by Ty Rattie.
1:58 of 1st period - Shot Blocked by Alex Henriksson.
2:00 of 1st period - Snap shot by Dylan DeMelo.
2:00 of 1st period - Stopped by Joacim Eriksson with a rebound.
2:02 of 1st period - Slapshot by Dylan DeMelo.
2:02 of 1st period - Stopped by Joacim Eriksson without a rebound.
2:03 of 1st period - Dominic Turgeon wins face-off versus Kyle Platzer in Barracuda zone.
2:06 of 1st period - Slapshot by Jiri Sekac.
2:06 of 1st period - Stopped by Joacim Eriksson with a rebound.
2:08 of 1st period - Slapshot by Dominic Turgeon.
2:08 of 1st period - Stopped by Joacim Eriksson with a rebound.
2:10 of 1st period - Snap shot by Dylan DeMelo.
2:10 of 1st period - Deflect By Kyle Platzer.
2:10 of 1st period - Stopped by Joacim Eriksson with a rebound.
2:12 of 1st period - Snap shot by Ty Rattie.
2:12 of 1st period - Shot Blocked by Eric Gustafsson.
2:14 of 1st period - Snap shot by Dominic Turgeon.
2:14 of 1st period - Shot Blocked by Samuel Groulx.
3:53 of 1st period - Slapshot by Ty Rattie.
3:53 of 1st period - Stopped by Joacim Eriksson without a rebound.
3:54 of 1st period - Corey Trivino wins face-off versus Brandon Kozun in Barracuda zone.
4:05 of 1st period - Snap shot by Emil Pettersson.
4:05 of 1st period - Stopped by Igor Shesterkin without a rebound.
4:06 of 1st period - Peter Holland wins face-off versus Theodor Blueger in Rocket zone.
4:21 of 1st period - Snap shot by Theodor Blueger.
4:21 of 1st period - Stopped by Igor Shesterkin with a rebound.
4:44 of 1st period - Wrist shot by Scott Wilson.
4:44 of 1st period - Shot Misses the Net.
4:46 of 1st period - Wrist shot by Peter Holland.
4:46 of 1st period - Shot Misses the Net.
4:48 of 1st period - Slapshot by Andrey Pedan.
4:48 of 1st period - Deflect By Brandon Pirri.
4:48 of 1st period - Shot Blocked by Jerome Gauthier-Leduc.
4:48 of 1st period - Puck is out of play.
4:49 of 1st period - Emil Pettersson wins face-off versus Corey Trivino in Barracuda zone.
4:49 of 1st period - Emil Pettersson is hit by Corey Trivino.
5:02 of 1st period - Off-side.
5:03 of 1st period - Danton Heinen wins face-off versus Theodor Blueger in neutral zone.
5:10 of 1st period - Wrist shot by Theodor Blueger.
5:10 of 1st period - Shot Blocked by Andrey Pedan.
5:54 of 1st period - Backhand shot by Brandon Pirri.
5:54 of 1st period - Goal by Brandon Pirri - Barracuda : 0 - Rocket : 1.
5:55 of 1st period - Emil Pettersson wins face-off versus Peter Holland in neutral zone.
6:47 of 1st period - Logan Stanley is hit by Kole Sherwood and loses puck.
6:52 of 1st period - Snap shot by Karson Kuhlman.
6:52 of 1st period - Stopped by Joacim Eriksson with a rebound.
6:54 of 1st period - Slapshot by Adam Fox.
6:54 of 1st period - Shot Misses the Net.
7:08 of 1st period - Noah Gregor is hit by Andrey Pedan.
8:24 of 1st period - Wrist shot by Cole Ully.
8:24 of 1st period - Shot Misses the Net.
8:34 of 1st period - Slapshot by Cole Ully.
8:34 of 1st period - Shot Misses the Net.
8:50 of 1st period - Slapshot by Kole Sherwood.
8:50 of 1st period - Stopped by Joacim Eriksson without a rebound.
8:51 of 1st period - Emil Pettersson wins face-off versus Corey Trivino in Barracuda zone.
9:13 of 1st period - Icing by Corey Trivino.
9:14 of 1st period - Peter Holland wins face-off versus Kyle Platzer in Rocket zone.
10:11 of 1st period - Wrist shot by Jiri Sekac.
10:11 of 1st period - Shot Blocked by Jerome Gauthier-Leduc.
10:48 of 1st period - Snap shot by Jakub Vrana.
10:48 of 1st period - Shot Blocked by Jordan Gross.
11:22 of 1st period - Wrist shot by Peter Holland.
11:22 of 1st period - Shot Misses the Net.
12:31 of 1st period - Minor Penalty to Adam Fox for Holding.
12:32 of 1st period - Adrian Kempe wins face-off versus Theodor Blueger in Rocket zone.
13:17 of 1st period - Slapshot by Eric Gustafsson.
13:17 of 1st period - Stopped by Igor Shesterkin without a rebound.
13:18 of 1st period - Adrian Kempe wins face-off versus Theodor Blueger in Rocket zone.
13:49 of 1st period - William Carrier is hit by Andrey Pedan and loses puck.
14:20 of 1st period - Andrey Pedan is hit by Samuel Groulx and loses puck.
14:21 of 1st period - Andrey Pedan from Rocket is injured at 14:21 of 1st period (Sprained Right Ankle).
14:22 of 1st period - Emil Pettersson wins face-off versus Adrian Kempe in Rocket zone.
14:31 of 1st period - Penalty to Adam Fox is over, Adam Fox is back on ice.
14:37 of 1st period - Wrist shot by William Carrier.
14:37 of 1st period - Shot Misses the Net.
15:02 of 1st period - Slapshot by Alex Henriksson.
15:02 of 1st period - Shot Blocked by Adrian Kempe.
15:19 of 1st period - Wrist shot by Alex Henriksson.
15:19 of 1st period - Deflect By Kyle Platzer.
15:19 of 1st period - Stopped by Igor Shesterkin with a rebound.
15:33 of 1st period - Slapshot by Alex Henriksson.
15:33 of 1st period - Stopped by Igor Shesterkin with a rebound.
15:35 of 1st period - Snap shot by Jerome Gauthier-Leduc.
15:35 of 1st period - Shot Misses the Net.
15:56 of 1st period - Viktor Loov is hit by Chris Wagner.
16:22 of 1st period - Adrian Kempe is hit by Jordan Gross and loses puck.
16:56 of 1st period - Alex Henriksson is hit by Danton Heinen and loses puck.
17:35 of 1st period - Wrist shot by Danton Heinen.
17:35 of 1st period - Stopped by Joacim Eriksson with a rebound.
17:47 of 1st period - Slapshot by Adrian Kempe.
17:47 of 1st period - Stopped by Joacim Eriksson without a rebound.
17:48 of 1st period - Peter Holland wins face-off versus Theodor Blueger in Barracuda zone.
17:51 of 1st period - Slapshot by Viktor Loov.
17:51 of 1st period - Stopped by Joacim Eriksson without a rebound.
17:52 of 1st period - Peter Holland wins face-off versus Theodor Blueger in Barracuda zone.
18:19 of 1st period - Snap shot by Ty Rattie.
18:19 of 1st period - Stopped by Joacim Eriksson with a rebound.
18:21 of 1st period - Slapshot by Dylan DeMelo.
18:21 of 1st period - Stopped by Joacim Eriksson with a rebound.
18:23 of 1st period - Snap shot by Jiri Sekac.
18:23 of 1st period - Stopped by Joacim Eriksson with a rebound.
18:25 of 1st period - Slapshot by Viktor Loov.
18:25 of 1st period - Shot Misses the Net.
18:27 of 1st period - Slapshot by Dylan DeMelo.
18:27 of 1st period - Deflect By Eric Gustafsson.
18:27 of 1st period - Stopped by Joacim Eriksson without a rebound.
18:28 of 1st period - Cole Ully wins face-off versus Peter Holland in Barracuda zone.
18:28 of 1st period - Cole Ully is hit by Peter Holland.
18:38 of 1st period - Brandon Pirri is hit by Cole Ully and loses puck.
18:45 of 1st period - Cole Ully is hit by Scott Wilson and loses puck.
19:33 of 1st period - Minor Penalty to Jakub Vrana for Boarding.
19:34 of 1st period - Brandon Kozun wins face-off versus Corey Trivino in Rocket zone.
19:39 of 1st period - Slapshot by Brandon Kozun.
19:39 of 1st period - Shot Blocked by Corey Trivino.
19:41 of 1st period - Wrist shot by Eric Gustafsson.
19:41 of 1st period - Shot Misses the Net.
Goals for this period are 0 for Barracuda vs 1 for Rocket.
Shots for this period are 5 for Barracuda vs 17 for Rocket.
2nd period
0:01 of 2nd period - Emil Pettersson wins face-off versus Adrian Kempe in neutral zone.
0:34 of 2nd period - Off-side.
0:35 of 2nd period - Emil Pettersson wins face-off versus Corey Trivino in neutral zone.
1:27 of 2nd period - Eric Gustafsson is hit by Viktor Loov.
1:33 of 2nd period - Penalty to Jakub Vrana is over, Jakub Vrana is back on ice.
1:37 of 2nd period - Slapshot by Samuel Groulx.
1:37 of 2nd period - Stopped by Igor Shesterkin with a rebound.
1:51 of 2nd period - Noah Gregor is hit by Danton Heinen and loses puck.
1:58 of 2nd period - Snap shot by Danton Heinen.
1:58 of 2nd period - Stopped by Joacim Eriksson with a rebound.
2:00 of 2nd period - Snap shot by Jack Glover.
2:00 of 2nd period - Stopped by Joacim Eriksson with a rebound.
2:04 of 2nd period - Slapshot by Adrian Kempe.
2:04 of 2nd period - Shot Blocked by Jordan Gross.
2:10 of 2nd period - Wrist shot by Adrian Kempe.
2:10 of 2nd period - Stopped by Joacim Eriksson with a rebound.
2:12 of 2nd period - Snap shot by Adrian Kempe.
2:12 of 2nd period - Stopped by Joacim Eriksson with a rebound.
2:14 of 2nd period - Slapshot by Jack Glover.
2:14 of 2nd period - Shot Misses the Net.
2:16 of 2nd period - Snap shot by Jack Glover.
2:16 of 2nd period - Deflect By Danton Heinen.
2:16 of 2nd period - Stopped by Joacim Eriksson with a rebound.
2:26 of 2nd period - Wrist shot by Danton Heinen.
2:26 of 2nd period - Stopped by Joacim Eriksson with a rebound.
3:10 of 2nd period - Snap shot by Adrian Kempe.
3:10 of 2nd period - Shot Misses the Net.
3:12 of 2nd period - Slapshot by Viktor Loov.
3:12 of 2nd period - Deflect By Adrian Kempe.
3:12 of 2nd period - Stopped by Joacim Eriksson with a rebound.
3:14 of 2nd period - Slapshot by Viktor Loov.
3:14 of 2nd period - Shot Blocked by Jerome Gauthier-Leduc.
3:16 of 2nd period - Snap shot by Danton Heinen.
3:16 of 2nd period - Shot Misses the Net.
3:18 of 2nd period - Snap shot by Viktor Loov.
3:18 of 2nd period - Stopped by Joacim Eriksson with a rebound.
3:20 of 2nd period - Wrist shot by Adrian Kempe.
3:20 of 2nd period - Goal by Adrian Kempe - Barracuda : 0 - Rocket : 2.
3:21 of 2nd period - Peter Holland wins face-off versus Emil Pettersson in neutral zone.
4:00 of 2nd period - Cole Ully is hit by Ty Rattie and loses puck.
5:05 of 2nd period - Wrist shot by Cole Ully.
5:05 of 2nd period - Shot Blocked by Adam Fox.
5:07 of 2nd period - Wrist shot by Justin Shugg.
5:07 of 2nd period - Stopped by Igor Shesterkin with a rebound.
5:11 of 2nd period - Wrist shot by Cole Ully.
5:11 of 2nd period - Shot Misses the Net.
5:19 of 2nd period - Wrist shot by Justin Shugg.
5:19 of 2nd period - Goal by Justin Shugg - Barracuda : 1 - Rocket : 2.
5:20 of 2nd period - Peter Holland wins face-off versus Emil Pettersson in neutral zone.
5:25 of 2nd period - Snap shot by Scott Wilson.
5:25 of 2nd period - Shot Blocked by Samuel Groulx.
5:50 of 2nd period - Wrist shot by Karson Kuhlman.
5:50 of 2nd period - Shot Misses the Net.
5:52 of 2nd period - Snap shot by Kole Sherwood.
5:52 of 2nd period - Shot Blocked by Jerome Gauthier-Leduc.
5:54 of 2nd period - Wrist shot by Karson Kuhlman.
5:54 of 2nd period - Stopped by Joacim Eriksson with a rebound.
5:56 of 2nd period - Snap shot by Karson Kuhlman.
5:56 of 2nd period - Shot Misses the Net.
6:05 of 2nd period - Icing by Mario Lucia.
6:06 of 2nd period - Brandon Pirri wins face-off versus Noah Gregor in Barracuda zone.
6:27 of 2nd period - Icing by Brandon Pirri.
6:28 of 2nd period - Emil Pettersson wins face-off versus Scott Wilson in Rocket zone.
7:46 of 2nd period - Icing by William Carrier.
7:47 of 2nd period - Peter Holland wins face-off versus Emil Pettersson in Barracuda zone.
7:49 of 2nd period - Minor Penalty to Viktor Loov for Goalie Interference.
7:50 of 2nd period - Emil Pettersson wins face-off versus Adrian Kempe in Rocket zone.
8:22 of 2nd period - Adam Fox is hit by Eric Gustafsson and loses puck.
9:13 of 2nd period - Dylan DeMelo is hit by Logan Stanley and loses puck.
9:49 of 2nd period - Penalty to Viktor Loov is over, Viktor Loov is back on ice.
10:04 of 2nd period - Snap shot by Ty Rattie.
10:04 of 2nd period - Goal by Ty Rattie - Barracuda : 1 - Rocket : 3.
10:05 of 2nd period - Scott Wilson wins face-off versus Theodor Blueger in neutral zone.
10:08 of 2nd period - Slapshot by Viktor Loov.
10:08 of 2nd period - Stopped by Joacim Eriksson with a rebound.
10:10 of 2nd period - Minor Penalty to Samuel Groulx for Slashing.
10:11 of 2nd period - Corey Trivino wins face-off versus Emil Pettersson in Barracuda zone.
10:14 of 2nd period - Snap shot by Corey Trivino.
10:14 of 2nd period - Stopped by Joacim Eriksson with a rebound.
10:16 of 2nd period - Slapshot by Corey Trivino.
10:16 of 2nd period - Stopped by Joacim Eriksson with a rebound.
10:18 of 2nd period - Snap shot by Adrian Kempe.
10:18 of 2nd period - Deflect By William Carrier.
10:18 of 2nd period - Stopped by Joacim Eriksson with a rebound.
10:20 of 2nd period - Wrist shot by Dylan DeMelo.
10:20 of 2nd period - Stopped by Joacim Eriksson without a rebound.
10:21 of 2nd period - Emil Pettersson wins face-off versus Corey Trivino in Barracuda zone.
10:26 of 2nd period - Snap shot by Emil Pettersson.
10:26 of 2nd period - Stopped by Igor Shesterkin with a rebound.
10:31 of 2nd period - Off-side.
10:32 of 2nd period - Emil Pettersson wins face-off versus Corey Trivino in neutral zone.
11:33 of 2nd period - Adrian Kempe is hit by William Carrier.
12:09 of 2nd period - William Carrier is hit by Scott Wilson.
12:10 of 2nd period - Penalty to Samuel Groulx is over, Samuel Groulx is back on ice.
12:47 of 2nd period - Wrist shot by Viktor Loov.
12:47 of 2nd period - Shot Blocked by Cole Ully.
12:49 of 2nd period - Wrist shot by Jakub Vrana.
12:49 of 2nd period - Shot Misses the Net.
12:51 of 2nd period - Snap shot by Viktor Loov.
12:51 of 2nd period - Deflect By Jakub Vrana.
12:51 of 2nd period - Shot Misses the Net.
12:51 of 2nd period - Puck is out of play.
12:52 of 2nd period - Kyle Platzer wins face-off versus Jakub Vrana in Barracuda zone.
12:52 of 2nd period - Kyle Platzer is hit by Kole Sherwood.
13:22 of 2nd period - Slapshot by Jakub Vrana.
13:22 of 2nd period - Shot Misses the Net.
13:24 of 2nd period - Slapshot by Jack Glover.
13:24 of 2nd period - Stopped by Joacim Eriksson without a rebound.
13:25 of 2nd period - Adrian Kempe wins face-off versus Brandon Kozun in Barracuda zone.
13:41 of 2nd period - Emil Pettersson is hit by Adrian Kempe and loses puck.
13:59 of 2nd period - Robin Norell is hit by Brandon Pirri and loses puck.
14:46 of 2nd period - Adam Fox is hit by Drew O'Connor and loses puck.
15:07 of 2nd period - Wrist shot by Emil Pettersson.
15:07 of 2nd period - Shot Misses the Net.
15:09 of 2nd period - Slapshot by Brandon Kozun.
15:09 of 2nd period - Shot Misses the Net.
15:19 of 2nd period - Eric Gustafsson is hit by Peter Holland and loses puck.
15:46 of 2nd period - Wrist shot by Jiri Sekac.
15:46 of 2nd period - Stopped by Joacim Eriksson with a rebound.
15:49 of 2nd period - Icing by Samuel Groulx.
15:50 of 2nd period - Corey Trivino wins face-off versus Kyle Platzer in Barracuda zone.
16:07 of 2nd period - Snap shot by Adrian Kempe.
16:07 of 2nd period - Stopped by Joacim Eriksson with a rebound.
16:19 of 2nd period - Viktor Loov is hit by Brandon Kozun and loses puck.
16:26 of 2nd period - Wrist shot by Brandon Kozun.
16:26 of 2nd period - Deflect By William Carrier.
16:26 of 2nd period - Stopped by Igor Shesterkin without a rebound.
16:27 of 2nd period - Adrian Kempe wins face-off versus Theodor Blueger in Rocket zone.
16:32 of 2nd period - Wrist shot by Adrian Kempe.
16:32 of 2nd period - Shot Misses the Net.
16:34 of 2nd period - Snap shot by Adrian Kempe.
16:34 of 2nd period - Shot Misses the Net.
16:36 of 2nd period - Backhand shot by Andrei Mironov.
16:36 of 2nd period - Shot Blocked by Justin Shugg.
16:38 of 2nd period - Wrist shot by Adrian Kempe.
16:38 of 2nd period - Shot Misses the Net.
17:33 of 2nd period - Off-side.
17:34 of 2nd period - Noah Gregor wins face-off versus Karson Kuhlman in neutral zone.
19:09 of 2nd period - Slapshot by Alex Henriksson.
19:09 of 2nd period - Shot Blocked by Andrei Mironov.
19:11 of 2nd period - Slapshot by Logan Stanley.
19:11 of 2nd period - Stopped by Igor Shesterkin with a rebound.
19:13 of 2nd period - Snap shot by Logan Stanley.
19:13 of 2nd period - Stopped by Igor Shesterkin with a rebound.
19:15 of 2nd period - Snap shot by Kyle Platzer.
19:15 of 2nd period - Goal by Kyle Platzer - Barracuda : 2 - Rocket : 3.
19:16 of 2nd period - Emil Pettersson wins face-off versus Corey Trivino in neutral zone.
19:43 of 2nd period - Dylan DeMelo is hit by Eric Gustafsson and loses puck.
Goals for this period are 2 for Barracuda vs 2 for Rocket.
Shots for this period are 8 for Barracuda vs 19 for Rocket.
3rd period
0:01 of 3rd period - Brandon Kozun wins face-off versus Corey Trivino in neutral zone.
0:03 of 3rd period - Off-side.
0:04 of 3rd period - Corey Trivino wins face-off versus Brandon Kozun in neutral zone.
0:35 of 3rd period - Slapshot by Theodor Blueger.
0:35 of 3rd period - Shot Blocked by Andrei Mironov.
0:37 of 3rd period - Slapshot by Cole Ully.
0:37 of 3rd period - Goal by Cole Ully - Barracuda : 3 - Rocket : 3.
0:38 of 3rd period - Emil Pettersson wins face-off versus Corey Trivino in neutral zone.
0:43 of 3rd period - Snap shot by William Carrier.
0:43 of 3rd period - Stopped by Igor Shesterkin with a rebound.
0:45 of 3rd period - Wrist shot by Emil Pettersson.
0:45 of 3rd period - Stopped by Igor Shesterkin without a rebound.
0:46 of 3rd period - Brandon Kozun wins face-off versus Corey Trivino in Rocket zone.
0:51 of 3rd period - Wrist shot by William Carrier.
0:51 of 3rd period - Stopped by Igor Shesterkin without a rebound.
0:52 of 3rd period - Emil Pettersson wins face-off versus Corey Trivino in Rocket zone.
0:56 of 3rd period - Minor Penalty to Adam Fox for Slashing.
0:57 of 3rd period - Adrian Kempe wins face-off versus Emil Pettersson in Rocket zone.
1:03 of 3rd period - Snap shot by Brandon Kozun.
1:03 of 3rd period - Goal by Brandon Kozun - Barracuda : 4 - Rocket : 3.
1:04 of 3rd period - Corey Trivino wins face-off versus Emil Pettersson in neutral zone.
1:19 of 3rd period - William Carrier is hit by Corey Trivino and loses puck.
1:44 of 3rd period - Cole Ully is hit by Peter Holland and loses puck.
1:59 of 3rd period - Backhand shot by Alex Henriksson.
1:59 of 3rd period - Stopped by Igor Shesterkin with a rebound.
2:01 of 3rd period - Snap shot by Samuel Groulx.
2:01 of 3rd period - Shot Blocked by Dominic Turgeon.
2:03 of 3rd period - Wrist shot by Samuel Groulx.
2:03 of 3rd period - Stopped by Igor Shesterkin with a rebound.
2:05 of 3rd period - Slapshot by Eric Gustafsson.
2:05 of 3rd period - Stopped by Igor Shesterkin without a rebound.
2:06 of 3rd period - Corey Trivino wins face-off versus Emil Pettersson in Rocket zone.
2:08 of 3rd period - Minor Penalty to Adrian Kempe for Hooking.
2:09 of 3rd period - Emil Pettersson wins face-off versus Jakub Vrana in Rocket zone.
2:21 of 3rd period - Snap shot by Brandon Kozun.
2:21 of 3rd period - Stopped by Igor Shesterkin without a rebound.
2:22 of 3rd period - Jakub Vrana wins face-off versus Emil Pettersson in Rocket zone.
2:51 of 3rd period - Wrist shot by Eric Gustafsson.
2:51 of 3rd period - Stopped by Igor Shesterkin without a rebound.
2:52 of 3rd period - Corey Trivino wins face-off versus Emil Pettersson in Rocket zone.
2:52 of 3rd period - Corey Trivino is hit by Logan Stanley.
3:21 of 3rd period - Off-side.
3:22 of 3rd period - Jakub Vrana wins face-off versus Theodor Blueger in neutral zone.
4:08 of 3rd period - Penalty to Adrian Kempe is over, Adrian Kempe is back on ice.
4:34 of 3rd period - Icing by Andrei Mironov.
4:35 of 3rd period - Noah Gregor wins face-off versus Adrian Kempe in Rocket zone.
4:36 of 3rd period - Snap shot by Mario Lucia.
4:36 of 3rd period - Stopped by Igor Shesterkin without a rebound.
4:37 of 3rd period - Dominic Turgeon wins face-off versus Emil Pettersson in Rocket zone.
4:52 of 3rd period - Snap shot by Dominic Turgeon.
4:52 of 3rd period - Shot Misses the Net.
5:28 of 3rd period - Slapshot by Scott Wilson.
5:28 of 3rd period - Goal by Scott Wilson - Barracuda : 4 - Rocket : 4.
5:29 of 3rd period - Corey Trivino wins face-off versus Brandon Kozun in neutral zone.
5:36 of 3rd period - Corey Trivino is hit by Samuel Groulx and loses puck.
5:57 of 3rd period - Slapshot by Theodor Blueger.
5:57 of 3rd period - Stopped by Igor Shesterkin with a rebound.
6:23 of 3rd period - Noah Gregor is hit by Dylan DeMelo and loses puck.
6:30 of 3rd period - Slapshot by Viktor Loov.
6:30 of 3rd period - Deflect By Ty Rattie.
6:30 of 3rd period - Stopped by Joacim Eriksson with a rebound.
6:32 of 3rd period - Slapshot by Viktor Loov.
6:32 of 3rd period - Stopped by Joacim Eriksson with a rebound.
6:43 of 3rd period - Off-side.
6:44 of 3rd period - Karson Kuhlman wins face-off versus Emil Pettersson in neutral zone.
7:18 of 3rd period - Snap shot by Danton Heinen.
7:18 of 3rd period - Stopped by Joacim Eriksson without a rebound.
7:19 of 3rd period - Theodor Blueger wins face-off versus Peter Holland in Barracuda zone.
7:48 of 3rd period - Wrist shot by Emil Pettersson.
7:48 of 3rd period - Stopped by Igor Shesterkin without a rebound.
7:49 of 3rd period - Emil Pettersson wins face-off versus Corey Trivino in Rocket zone.
8:14 of 3rd period - Cole Ully is hit by Peter Holland and loses puck.
9:06 of 3rd period - Jack Glover is hit by Logan Stanley and loses puck.
9:47 of 3rd period - Minor Penalty to Justin Shugg for Hooking.
9:48 of 3rd period - Corey Trivino wins face-off versus Emil Pettersson in Barracuda zone.
11:24 of 3rd period - Samuel Groulx is hit by Danton Heinen and loses puck.
11:47 of 3rd period - Penalty to Justin Shugg is over, Justin Shugg is back on ice.
12:33 of 3rd period - Adam Fox is hit by Justin Shugg and loses puck.
13:37 of 3rd period - Ty Rattie is hit by Eric Gustafsson and loses puck.
13:48 of 3rd period - Jerome Gauthier-Leduc is hit by Danton Heinen and loses puck.
14:52 of 3rd period - Brandon Pirri is hit by Theodor Blueger and loses puck.
15:49 of 3rd period - Wrist shot by Brandon Kozun.
15:49 of 3rd period - Deflect By William Carrier.
15:49 of 3rd period - Shot Misses the Net.
15:49 of 3rd period - Puck is out of play.
15:50 of 3rd period - Emil Pettersson wins face-off versus Peter Holland in Rocket zone.
16:22 of 3rd period - Jordan Gross is hit by Ty Rattie and loses puck.
16:40 of 3rd period - Jack Glover is hit by Cole Ully and loses puck.
17:51 of 3rd period - Emil Pettersson is hit by Viktor Loov and loses puck.
18:08 of 3rd period - Snap shot by Alex Henriksson.
18:08 of 3rd period - Shot Misses the Net.
18:27 of 3rd period - Andrei Mironov is hit by Cole Ully and loses puck.
18:45 of 3rd period - Robin Norell is hit by Karson Kuhlman and loses puck.
19:52 of 3rd period - Logan Stanley is hit by Scott Wilson and loses puck.
Goals for this period are 2 for Barracuda vs 1 for Rocket.
Shots for this period are 13 for Barracuda vs 4 for Rocket.
Overtime #1
0:01 of 1st overtime period - Adrian Kempe wins face-off versus Emil Pettersson in neutral zone.
0:14 of 1st overtime period - Snap shot by William Carrier.
0:14 of 1st overtime period - Shot Blocked by Danton Heinen.
0:20 of 1st overtime period - Samuel Groulx is hit by Danton Heinen and loses puck.
0:46 of 1st overtime period - Wrist shot by Cole Ully.
0:46 of 1st overtime period - Shot Blocked by Dominic Turgeon.
0:48 of 1st overtime period - Slapshot by Logan Stanley.
0:48 of 1st overtime period - Stopped by Igor Shesterkin without a rebound.
0:49 of 1st overtime period - Adrian Kempe wins face-off versus Emil Pettersson in Rocket zone.
1:24 of 1st overtime period - Snap shot by Theodor Blueger.
1:24 of 1st overtime period - Deflect By Cole Ully.
1:24 of 1st overtime period - Shot Blocked by Andrei Mironov.
1:24 of 1st overtime period - Puck is out of play.
1:25 of 1st overtime period - Adrian Kempe wins face-off versus Theodor Blueger in Rocket zone.
1:45 of 1st overtime period - Snap shot by Brandon Pirri.
1:45 of 1st overtime period - Deflect By Corey Trivino.
1:45 of 1st overtime period - Shot Blocked by Robin Norell.
1:45 of 1st overtime period - Puck is out of play.
1:46 of 1st overtime period - Corey Trivino wins face-off versus Emil Pettersson in Barracuda zone.
1:55 of 1st overtime period - Wrist shot by Brandon Pirri.
1:55 of 1st overtime period - Stopped by Joacim Eriksson with a rebound.
1:57 of 1st overtime period - Slapshot by Viktor Loov.
1:57 of 1st overtime period - Stopped by Joacim Eriksson with a rebound.
1:59 of 1st overtime period - Wrist shot by Corey Trivino.
1:59 of 1st overtime period - Shot Blocked by Eric Gustafsson.
2:01 of 1st overtime period - Slapshot by Dylan DeMelo.
2:01 of 1st overtime period - Stopped by Joacim Eriksson without a rebound.
2:02 of 1st overtime period - Danton Heinen wins face-off versus Emil Pettersson in Barracuda zone.
2:47 of 1st overtime period - Slapshot by Eric Gustafsson.
2:47 of 1st overtime period - Deflect By Theodor Blueger.
2:47 of 1st overtime period - Shot Blocked by Andrei Mironov.
2:47 of 1st overtime period - Puck is out of play.
2:48 of 1st overtime period - Emil Pettersson wins face-off versus Adrian Kempe in Rocket zone.
4:56 of 1st overtime period - Dylan DeMelo is hit by Chris Wagner and loses puck.
Goals for this period are 0 for Barracuda vs 0 for Rocket.
Shots for this period are 1 for Barracuda vs 3 for Rocket.
ShootOut
5:00 of 1st overtime period - Round #1.
5:00 of 1st overtime period - Barracuda, Brandon Kozun.
5:00 of 1st overtime period - Deke by Brandon Kozun.
5:00 of 1st overtime period - Stopped by Igor Shesterkin.
5:00 of 1st overtime period - Rocket, Adrian Kempe.
5:00 of 1st overtime period - Wrist shot by Adrian Kempe.
5:00 of 1st overtime period - Shot Misses the Net.
5:00 of 1st overtime period - Round #2.
5:00 of 1st overtime period - Barracuda, William Carrier.
5:00 of 1st overtime period - Deke by William Carrier.
5:00 of 1st overtime period - Stopped by Igor Shesterkin.
5:00 of 1st overtime period - Rocket, Danton Heinen.
5:00 of 1st overtime period - Backhand shot by Danton Heinen.
5:00 of 1st overtime period - Goal by Danton Heinen.
5:00 of 1st overtime period - Round #3.
5:00 of 1st overtime period - Barracuda, Emil Pettersson.
5:00 of 1st overtime period - Snap shot by Emil Pettersson.
5:00 of 1st overtime period - Shot Misses the Net.